AoeStats
← Leite Quente

Arena

505206546Analyzed
1v1 RM · 23d ago on Sep 8, 2026· 32m 43s· 2 players
Game mode
Random Map
Map size
Tiny (2 player)
Population
200
Speed
Normal
Resources
Standard
Victory
Conquest
Starting age
Dark Age
Ending age
Imperial Age
RankedLock teamsTeams togetherTeam positionsShared explorationLock speedFull tech treeHidden civsTurbo modeCheats
Victory
Defeat
🇧🇷 Franks · Brazil
1114
+16
🇫🇷 Malians · France
1115
-16
Leite Quente
9:41 Feudal Age
13:45 Castle Age
14:06 Loom
20:23 Town Watch
21:27 Fletching
22:07 Bodkin Arrow
27:41 Imperial Age
26:15 Squires
26:16 Scale Mail Armor
26:55 Double-Bit Axe
Guizz
7:19 Loom
11:21 Feudal Age
15:18 Castle Age
13:10 Double-Bit Axe
13:29 Horse Collar
16:10 Bow Saw
20:16 Bloodlines
20:36 Fletching
27:45 Wheelbarrow
30:51 Imperial Age
29:47 Hand Cart
29:18 Town Watch
30:34 Thumb Ring
30:17 Light Cavalry
30:58 Husbandry
30:47 Crossbowman
31:39 Gold Mining
33:32 Chemistry
32:06 Elite Skirmisher
Connection lost

Rejoining the realm…

Still unreachable

The connection could not be restored.

Session expired

The server has moved on; the page needs a fresh start.